 Dungeon Crawl Stone Soup version 0.23-a0-650-ga4d50d4 (webtiles) character file.

42 Borgoz the Sneak (level 3, 0/18 HPs)
             Began as a Spriggan Assassin on Jan 2, 2019.
             Succumbed to an adder's poison
             ... on level 2 of the Dungeon.
             The game lasted 00:02:07 (881 turns).

Borgoz the Sneak (Spriggan Assassin)                 Turns: 881, Time: 00:02:08

Health: 0/18       AC:  3    Str:  7    XL:     3   Next: 33%
Magic:  4/4        EV: 17    Int: 17    God:
Gold:   24         SH:  0    Dex: 18    Spells: 2/2 levels left

rFire    . . .     SeeInvis +   a - +2 dagger
rCold    . . .     Gourm    .   (shield restricted)
rNeg     . . .     Faith    .   c - +0 robe
rPois    .         Spirit   .   (helmet restricted)
rElec    .         Reflect  .   d - +0 cloak
rCorr    .         Harm     .   (gloves unavailable)
MR       .....                  (boots unavailable)
Stlth    ++++......             (no amulet)
HPRegen  0.06/turn              (no ring)
MPRegen  0.09/turn              (no ring)

@: brilliant, lethally poisoned (0 -> -3), very quick
A: very small, unfitting armour, see invisible, herbivore, speed 3, slow
metabolism 2
a: no special abilities


You were on level 2 of the Dungeon.
You were not hungry.

You visited 1 branch of the dungeon, and saw 2 of its levels.

You collected 24 gold pieces.

Inventory:

Hand Weapons
 a - a +2 dagger (weapon)
 b - a +0 blowgun
Missiles
 e - 8 poisoned needles
 f - 2 curare-tipped needles
Armour
 c - a +0 robe (worn)
 d - a +0 cloak (worn)
Scrolls
 h - a scroll of enchant armour {unknown}
 k - a scroll of remove curse {unknown}
Potions
 i - a potion of haste {unknown}
 j - 2 potions of magic {unknown}
 l - a potion of brilliance
Comestibles
 g - 5 rations


   Skills:
 + Level 1.7 Fighting
 + Level 2.6 Short Blades
 + Level 2.0 Throwing
 + Level 2.0 Dodging
 + Level 7.2 Stealth


You had 2 spell levels left.
You didn't know any spells.
Your spell library was empty.

Dungeon Overview and Level Annotations

Branches:
Dungeon (2/15)

Altars:


Innate Abilities, Weirdness & Mutations

You are very small and have problems with some larger weapons.
You are too small for most types of armour.
You have supernaturally acute eyesight. (SInv)
You are a herbivore.
You cover ground extremely quickly.
You need to consume almost no food.


Message History

The kobold shouts!
A kobold comes into view. It is wielding a +0 club.
The kobold shouts!
Found 7 gold pieces.
You closely miss the kobold.
You feel sick. The kobold hits you but does no damage.
The kobold throws a stone.
The stone misses you.
You closely miss the kobold. The kobold hits you.
* * * LOW HITPOINT WARNING * * *
The kobold throws a stone.
The stone misses you.
You hit the kobold but do no damage. The kobold hits you but does no damage.
The kobold misses you.
You hit the kobold.
The kobold is severely wounded.
The kobold closely misses you.
The kobold hits you with a cursed +0 club.
* * * LOW HITPOINT WARNING * * *
It was a potion of brilliance.
You feel clever all of a sudden.
You die...

#.#.# #....##. .#
#####.#. ##.# #.. ...#
######## #.. ........
#.. ######†. #=# #.# #
#K# #.# #.##.##@## #.#
....$.K..# #.#
####.##(.# #.#
...##..#############.#
##.....................
...............########
##..###.......)# #..
#....†...# #.
##.....#.#


You could see 2 kobolds.

Vanquished Creatures
  An adder (D:2)
  An ooze (D:1)
  A ball python (D:1)
  3 giant cockroaches
  A goblin (D:1)
  4 hobgoblins
  3 jackals (D:1)
  6 bats
  3 kobolds (D:1)
  3 rats (D:1)
26 creatures vanquished.

Notes
Turn   | Place    | Note
-------+----------+-------------------------------------------
     0 | D:1      | Borgoz the Spriggan Assassin began the quest for the Orb.
     0 | D:1      | Reached XP level 1. HP: 10/10 MP: 2/2
   101 | D:1      | Reached skill level 6 in Stealth
   160 | D:1      | Reached XP level 2. HP: 12/15 MP: 3/3
   767 | D:2      | Reached XP level 3. HP: 15/18 MP: 4/4
   860 | D:2      | Reached skill level 7 in Stealth
   881 | D:2      | Succumbed to an adder's poison

Vault maps used:
D:1:      sevenhm_arrival_forest_fort_large_1, hangedman_decor_diamond_cutter,
          corexii_item_surrounded_by_moat, chequers_avenue

Skill      XL: |  1  2  3 |
---------------+----------+-----
Stealth        | 6 7 |  7.2
Dodging        | 2 |  2.0
Fighting       | |  1.7
Short Blades   | |  2.6
Throwing       | |  2.0

Action                   || total
-------------------------++-------
Melee: Dagger            ||   104
  Use: Potion            ||     1
 Stab: Sleeping          ||     9
Armor: Robe              ||    16
Dodge: Dodged            ||    98

Table legend:
 A = Non-vault XP
 B = Vault XP
 C = Vault XP percentage of total XP
 D = Non-vault monster count
 E = Vault monster count
 F = Vault count percentage of total count
                 A         B        C        D         E       F
            +---------+---------+-------+---------+---------+-------
      Total |      58 |       2 |   3.3 |      24 |       2 |   7.7
            +---------+---------+-------+---------+---------+-------
        D:1 |      35 |       2 |   5.4 |      18 |       2 |  10.0
        D:2 |      23 |       0 |   0.0 |       6 |       0 |   0.0
            +---------+---------+-------+---------+---------+-------
